 Dungeon Sprint DCSS version 0.27-a0-92-g39ad13b146 (webtiles) character file.

Game seed: 7119374079381505234

6725 mhtbhm the Sorcerer (level 10, -37/50 HPs)
             Began as a Deep Elf Earth Elementalist on Jan 15, 2021.
             Was the Champion of Vehumet.
             Killed from afar by a Brimstone Fiend (49 damage)
             ... with damnation
             ... summoned by a deep elf demonologist
             ... in the Dungeon (Sprint III: "The Ten Rune Challenge").
             The game lasted 00:05:43 (1562 turns).

mhtbhm the Sorcerer (Deep Elf Earth Elementalist)   Turns: 1562, Time: 00:05:44

Health: -37/50     AC:  6    Str:  5    XL:     10   Next: 74%
Magic:  13/37      EV: 15    Int: 22    God:    Vehumet [******]
Gold:   2564       SH:  0    Dex: 15    Spells: 33/51 levels left

rFire    . . .     SeeInvis .   (no weapon)
rCold    . . .     Faith    .   (no shield)
rNeg     . . .     Spirit   .   c - +0 robe
rPois    .         Reflect  .   s - +2 hat
rElec    .         Harm     .   (no cloak)
rCorr    .         Rampage  .   (no gloves)
Will     +....     NoTele   +   (no boots)
Stlth    +++.......             (no amulet)
HPRegen  0.16/turn              (no ring)
MPRegen  0.25/turn              (no ring)

@: no status effects
A: icy blue scales 1, blurry vision 1, dopey 1, wild magic 1
a: Renounce Religion


You were in the Dungeon.
You worshipped Vehumet.
Vehumet was exalted by your worship.
You visited 1 branch You collected 2740 gold pieces.
You spent 176 gold pieces at shops.

Inventory:

Missiles
 b - 11 stones
Armour
 c - a +0 robe (worn)
 s - a +2 hat (worn)
Wands
 q - a wand of iceblast (12)
Scrolls
 a - 2 scrolls of identify {unknown}
 i - a scroll of blinking
 j - a scroll of torment {unknown}
 k - 3 scrolls of remove curse
 m - a scroll of immolation {unknown}
 n - a scroll of fear {unknown}
Potions
 d - 2 potions of curing
 e - a potion of heal wounds
 f - a potion of haste
 g - 2 potions of magic
 h - a potion of berserk rage
 l - 2 potions of brilliance {unknown}
 o - a potion of degeneration {unknown}
 p - a potion of might
Miscellaneous
 r - a phantom mirror


   Skills:
 + Level 5.0 Dodging
 + Level 5.4 Stealth
 + Level 21.0 Spellcasting
 + Level 2.9 Conjurations
 + Level 2.4 Transmutations
 + Level 18.4 Earth Magic


You had 33 spell levels left.
You knew the following spells:

 Your Spells              Type           Power        Failure   Level
a - Sandblast             Erth           100%         1%          1
b - Passwall              Tmut/Erth      61%          1%          2
c - Stone Arrow           Conj/Erth      100%         1%          3
d - Lee's Rapid Deconstr  Erth           47%          1%          5
e - Petrify               Tmut/Erth      74%          1%          4
f - Mephitic Cloud        Conj/Pois/Air  35%          1%          3

Your spell library contained the following spells:

 Spells                   Type           Power        Failure   Level
 Fulminant Prism          Conj/Hex       19%          4%          4
 Magic Dart               Conj           100%         1%          1
 Conjure Flame            Conj/Fire      38%          1%          3
 Blink                    Tloc           N/A          5%          2
 Call Imp                 Summ           30%          5%          2
 Slow                     Hex            30%          5%          2


Dungeon Overview and Level Annotations

Branches:
Dungeon (1/1)

Altars:
Cheibriados
Dithmenos
Elyvilon
Fedhas
Gozag
Hepliaklqana
Kikubaaqudgha
Makhleb
Nemelex Xobeh
Okawaru
Qazlal
Ru
Sif Muna
Trog
Uskayaw
Vehumet
Wu Jian
Xom
Yredelemnul
Zin
The Shining One
Beogh
Jiyva
Lugonu

Shops:
D [


Innate Abilities, Weirdness & Mutations

You are partially covered in icy blue scales. (AC +2)
Scrolls take you a little longer to read.
You are dopey. (Int -2)
Your spells are a little harder to cast, but a little more powerful.


Message History

The wall shatters!
The blast of rock fragments hits the Brimstone Fiend!!!
The Brimstone Fiend is severely wounded.
The Brimstone Fiend hits you.
* * * LOW HITPOINT WARNING * * *
The Brimstone Fiend misses you. The Brimstone Fiend barely misses you.
Unknown command.
Unknown command.
Casting: Lee's Rapid Deconstruction (safe; 1% risk of failure)
Confirm with . or Enter, or press ? or * to list all spells.
Aiming: Lee's Rapid Deconstruction (safe; 1% risk of failure)
Press: ? - help, Dir - move target A stone wall.
The wall shatters!
The blast of rock fragments hits the Brimstone Fiend!!
The Brimstone Fiend is almost dead.
The Brimstone Fiend gestures at you.
The sphere of damnation explodes!
The damnation engulfs you!!!
Ouch! That really hurt!
You die...

▓▓▓ ▓▓▓ ####.#
#.########## ##
_#...####...'.#...# ...
_#..........#.#...##≈≈≈≈
##..........#)#)..≈≈≈ee.
.#))))....#.#)#).1##≈≈≈≈
.#)∩#)..#..##.).@.# e
'#))######.########
.#)#####################
.#.)..#)#.#.....#^...^.+
.##.#))#.##.###.#...^..#
.'##.#.#.##.#.)##....^.#
.#...#..#..##..)^..^...#
▓▓▓▓▓▓▓▓▓▓▓▓▓▓▓#......^#
≈........≈≈≈...#...^^..#


You could see a Brimstone Fiend (summoned).

Vanquished Creatures
  Erolcha (D)
  An orc high priest (D)
  A deep elf knight (D)
  5 deep elf magi (D)
  3 wandering mushrooms (D)
  2 redbacks (D)
  A shadow (D)
  A spatial vortex (D)
  3 orc warriors (D)
  A necrophage (D)
  5 two-headed ogres (D)
  A water elemental (D)
  A jelly (D)
  An orc priest (D)
  Jessica (D)
  A wizard (D)
  An orc wizard (D)
  A necromancer (D)
  3 humans (D)
  A kobold demonologist (D)
  An ooze (D)
  A phantom (D)
  12 orcs (D)
  2 rats (D)
51 creatures vanquished.

Notes
Turn   | Place    | Note
-------+----------+-------------------------------------------
     0 | D        | mhtbhm the Deep Elf Earth Elementalist began the quest for
                  | the Orb.
     0 | D        | Reached XP level 1. HP: 10/10 MP: 6/6
    84 | D        | Noticed Jessica
    85 | D        | Killed Jessica
    86 | D        | Reached skill level 5 in Spellcasting
    86 | D        | Reached skill level 5 in Earth Magic
    86 | D        | Reached XP level 2. HP: 15/15 MP: 7/10
    86 | D        | Reached XP level 3. HP: 19/19 MP: 7/11
    89 | D        | Learned a level 2 spell: Passwall
    93 | D        | Learned a level 3 spell: Stone Arrow
   124 | D        | Gained mutation: You expend magic power (3 MP) to
                  | strengthen your wands. [potion of mutation]
   124 | D        | Gained mutation: Your body sometimes deteriorates upon
                  | taking damage. [potion of mutation]
   124 | D        | Gained mutation: Your flesh is heat resistant. (rF+)
                  | [potion of mutation]
   125 | D        | Lost mutation: You expend magic power (3 MP) to strengthen
                  | your wands. [potion of mutation]
   125 | D        | Lost mutation: Your body sometimes deteriorates upon taking
                  | damage. [potion of mutation]
   125 | D        | Lost mutation: Your flesh is heat resistant. (rF+) [potion
                  | of mutation]
   125 | D        | Gained mutation: You evolve. [potion of mutation]
   125 | D        | Gained mutation: You rapidly evolve. [potion of mutation]
   126 | D        | Lost mutation: You rapidly evolve. [potion of mutation]
   126 | D        | Gained mutation: You expend magic power (3 MP) to
                  | strengthen your wands. [potion of mutation]
   127 | D        | Lost mutation: You expend magic power (3 MP) to strengthen
                  | your wands. [potion of mutation]
   127 | D        | Lost mutation: You evolve. [potion of mutation]
   127 | D        | Gained mutation: You are dopey. (Int -2) [potion of
                  | mutation]
   127 | D        | Gained mutation: You are partially covered in icy blue
                  | scales. (AC +2) [potion of mutation]
   127 | D        | Gained mutation: Scrolls take you a little longer to read.
                  | [potion of mutation]
   127 | D        | Gained mutation: Your spells are a little harder to cast,
                  | but a little more powerful. [potion of mutation]
   266 | D        | Noticed a water elemental
   269 | D        | Killed a water elemental
   270 | D        | Reached skill level 7 in Spellcasting
   270 | D        | Reached XP level 4. HP: 24/24 MP: 10/15
   406 | D        | Found a radiant altar of Vehumet.
   406 | D        | Found a shimmering blue altar of Sif Muna.
   406 | D        | Found an ancient bone altar of Kikubaaqudgha.
   406 | D        | Noticed a wizard
   408 | D        | Killed a wizard
   409 | D        | Reached skill level 8 in Spellcasting
   409 | D        | Reached XP level 5. HP: 28/28 MP: 13/17
   473 | D        | Learned a level 5 spell: Lee's Rapid Deconstruction
   483 | D        | Became a worshipper of Vehumet
   499 | D        | Learned a level 4 spell: Petrify
   503 | D        | Learned a level 3 spell: Mephitic Cloud
   508 | D        | Found a glowing silver altar of Zin.
   508 | D        | Found a glowing golden altar of the Shining One.
   508 | D        | Found a white marble altar of Elyvilon.
   508 | D        | Noticed a deep elf mage
   511 | D        | Killed a deep elf mage
   512 | D        | Reached skill level 5 in Stealth
   512 | D        | Reached skill level 12 in Spellcasting
   512 | D        | Reached XP level 6. HP: 32/32 MP: 2/23
   512 | D        | Reached XP level 7. HP: 36/36 MP: 2/24
   626 | D        | Found a hide-covered altar of Uskayaw.
   626 | D        | Found a roughly hewn altar of Beogh.
   626 | D        | Found an iron altar of Okawaru.
   626 | D        | Found a bloodstained altar of Trog.
   626 | D        | Found an ornate altar of the Wu Jian Council.
   626 | D        | Noticed a human
   626 | D        | Noticed a human
   628 | D        | Killed a human
   628 | D        | Killed a human
   628 | D        | Reached * piety under Vehumet
   628 | D        | Offered knowledge of Shock by Vehumet.
   629 | D        | Reached skill level 5 in Dodging
   629 | D        | Reached skill level 13 in Spellcasting
   670 | D        | Found a basalt altar of Yredelemnul.
   670 | D        | Found a shadowy altar of Dithmenos.
   670 | D        | Found a sacrificial altar of Ru.
   673 | D        | Reached skill level 14 in Spellcasting
   738 | D        | Reached ** piety under Vehumet
   738 | D        | Noticed a shadow
   740 | D        | Killed a shadow
   741 | D        | Reached XP level 8. HP: 41/41 MP: 12/28
   821 | D        | Found a blossoming altar of Fedhas.
   821 | D        | Found a stormy altar of Qazlal.
   821 | D        | Found a snail-covered altar of Cheibriados.
   821 | D        | Found a burning altar of Makhleb.
   821 | D        | Found a shimmering altar of Xom.
   822 | D        | Found a hazy altar of Hepliaklqana.
   822 | D        | Found an opulent altar of Gozag.
   822 | D        | Found a sparkling altar of Nemelex Xobeh.
   822 | D        | Found a corrupted altar of Lugonu.
   822 | D        | Found a viscous altar of Jiyva.
   825 | D        | Offered knowledge of Freeze by Vehumet.
   826 | D        | Reached skill level 15 in Spellcasting
   887 | D        | Reached *** piety under Vehumet
   897 | D        | Noticed a two-headed ogre
   899 | D        | Killed a two-headed ogre
   900 | D        | Reached skill level 16 in Spellcasting
  1023 | D        | Noticed Erolcha
  1024 | D        | Noticed a two-headed ogre
  1026 | D        | Killed a two-headed ogre
  1026 | D        | Offered knowledge of Searing Ray by Vehumet.
  1026 | D        | Killed Erolcha
  1026 | D        | Reached **** piety under Vehumet
  1027 | D        | Reached skill level 17 in Spellcasting
  1027 | D        | Reached XP level 9. HP: 45/45 MP: 17/32
  1033 | D        | Reached skill level 18 in Spellcasting
  1136 | D        | Noticed a wandering mushroom
  1141 | D        | Noticed a wandering mushroom
  1145 | D        | Killed a wandering mushroom
  1146 | D        | Noticed a wandering mushroom
  1155 | D        | Killed a wandering mushroom
  1155 | D        | Reached ***** piety under Vehumet
  1161 | D        | Killed a wandering mushroom
  1162 | D        | Reached skill level 1 in Conjurations
  1297 | D        | Found Qeof's Armour Boutique.
  1300 | D        | Offered knowledge of Sticky Flame by Vehumet.
  1303 | D        | Noticed an orc high priest
  1308 | D        | Killed an orc high priest
  1309 | D        | Reached skill level 19 in Spellcasting
  1309 | D        | Reached XP level 10. HP: 48/50 MP: 12/35
  1310 | D        | Reached ****** piety under Vehumet
  1461 | D        | Bought a +2 hat for 176 gold pieces
  1478 | D        | Noticed a deep elf mage
  1478 | D        | Noticed a deep elf mage
  1478 | D        | Noticed a deep elf mage
  1478 | D        | Noticed a deep elf mage
  1478 | D        | Noticed a deep elf knight
  1485 | D        | Killed a deep elf mage
  1485 | D        | Offered knowledge of Fulminant Prism by Vehumet.
  1488 | D        | Killed a deep elf mage
  1489 | D        | Reached skill level 20 in Spellcasting
  1490 | D        | Killed a deep elf mage
  1490 | D        | Killed a deep elf mage
  1505 | D        | Killed a deep elf knight
  1506 | D        | Reached skill level 21 in Spellcasting
  1536 | D        | Noticed a deep elf annihilator
  1539 | D        | Noticed a deep elf demonologist
  1540 | D        | Noticed a deep elf annihilator
  1556 | D        | Noticed a Brimstone Fiend
  1562 | D        | Killed from afar by a Brimstone Fiend

Illustrated notes

Levels and vault maps discovered:
D:        dungeon_sprint_mu [sprint_mu_entry_forest, sprint_mu_temple_rooms,
          sprint_mu_d1_spiders, sprint_mu_d2_genie, sprint_mu_d3_branching,
          sprint_mu_orc_legion, sprint_mu_elf_gauntlet, sprint_mu_hive_nellie,
          sprint_mu_lair_fedhas, sprint_mu_vaults_butterflies,
          sprint_mu_slime_circle, sprint_mu_swamp_cave, sprint_mu_snake_twists,
          sprint_mu_blade_basic, sprint_mu_crypt_fortress,
          sprint_mu_tomb_spiral, sprint_mu_vestibule_basic,
          sprint_mu_gehenna_hellfire, sprint_mu_dis_giant,
          sprint_mu_tartarus_statrot, sprint_mu_cocytus_islands, sprint_mu_zot1]

Skill      XL: |  1  2  3  4  5  6  7  8  9 10 |
---------------+-------------------------------+-----
Earth Magic    | 5 8 11 13 16 17 18 | 18.4
Dodging        | 3 4 5 |  5.0
Stealth        | 3 5 |  5.4
Spellcasting   | 5 7 8 12 14 17 19 21 | 21.0
Transmutations | 2 |  2.4
Conjurations   | 2 |  2.9

Action                   |  1- 3 |  4- 6 |  7- 9 | 10-12 || total
-------------------------+-------+-------+-------+-------++-------
 Cast: Sandblast         |    13 |     3 |       |     3 ||    19
       Passwall          |     1 |       |       |     1 ||     2
       Lee's Rapid Decon |       |     3 |    27 |    13 ||    43
       Stone Arrow       |       |       |    11 |       ||    11
  Use: Potion            |     4 |       |       |       ||     4
Armor: Robe              |       |       |       |     1 ||     1
Dodge: Dodged            |     1 |       |     2 |     9 ||    12

Table legend: (Time is in decaauts)
 A = Elapsed time spent in this place.
 B = Non-inter-level travel time spent in this place.
 C = Inter-level travel time spent in this place.
 D = Time resting spent in this place.
 E = Time spent auto-exploring this place.
 F = Levels seen in this place.
 G = Mean time per level.
                   A        B        C        D        E       F      G
               +--------+--------+--------+--------+--------+-----+--------+
         Total |   1565 |   1547 |     18 |   1071 |      1 |   1 | 1565.0 |
       Dungeon |   1565 |   1547 |     18 |   1071 |      1 |   1 | 1565.0 |
               +--------+--------+--------+--------+--------+-----+--------+

Top non-repeatable levels by time:
       D: 1565 daAuts
